cohdb
Replays
Latest Replays
All Replays
Popular Replays
Top Player Replays
Match Explorer
How It Works
Community
CoH3 Stats
Reddit
Sign in to upload your games and track your stats! →
Sign in with Steam
Match 40465063
Unlisted
Match 40465063
Overview
Messages
Build Orders
End
Panzergrenadier Squad
250 Light Carrier
Selects Armored Support Battlegroup
250 Light Carrier
Construct Light Support Kompanie
Combat Half-tracks
Assault Grenadier Squad
Selects Superior Fire Drills
Construct Mechanized Kompanie
Selects Salvage Kits
Assault Mechanized Group
Support Armor Elements
StuG III D Assault Gun
Rapid Advance
Emergency Repair Kits
Selects Panzer Storm
Construct Panzerarmee Kommand
Armored Reserves
Vehicle Survival Package
StuG Assault Group
Veteran Squad Leaders
Advanced Optics
StuG III D Assault Gun
Advanced Field Repairs
Tungsten Core Ammunition
Selects Stuka Anti-tank Loiter
Tiger Heavy Tank
Stuka Anti-tank Loiter
cobra delta
HipHopper_2006
Moltke1871
Tengu
Bueno
Klaudio75
A-Kai
Cyone
0
0
Comments
sign in to comment!
No comments posted yet!